 Dungeon Sprint DCSS version 0.29-a0-459-g97dee8cd24 (webtiles) character file.

Game seed: 14012232094125425364

391 mhtbhm the Carver (level 6, -2/93 HPs)
             Began as a Draconian Berserker on May 20, 2022.
             Was an Elder of Trog.
             Slain by a killer bee (10 damage)
             ... in the Dungeon (Sprint IV: "Fedhas' Mad Dash").
             The game lasted 00:01:17 (870 turns).

mhtbhm the Carver (Draconian Berserker)              Turns: 870, Time: 00:01:18

Health: -2/93      AC:  6    Str: 21    XL:     6   Next: 50%
Magic:  5/6        EV: 14    Int:  7    God:    Trog [****..]
Gold:   100        SH:  0    Dex: 11    Spells: 5/5 levels left

rFire   . . .      SeeInvis .   a - +0 falchion
rCold   . . .      Faith    .   (no shield)
rNeg    . . .      Spirit   .   (body armour unavailable)
rPois   .          Reflect  .   (helmet restricted)
rElec   .          Harm     .   (no cloak)
rCorr   .          Rampage  .   (no gloves)
Will    .....      NoTele   +   (no boots)
Stlth   ..........              j - amulet of invisibility {+Inv}
HPRegen 0.25/turn               (no ring)
MPRegen 0.10/turn               (no ring)

@: berserking (expiring), lethally poisoned (-2 -> -12), very slightly
contaminated, invisible (expiring), very quick
A: AC +6, unfitting armour, cold-blooded
a: Renounce Religion, Evoke Invisibility, Berserk, Trog's Hand, Brothers in Arms


You were in the Dungeon.
You worshipped Trog.
Trog was greatly pleased with you.
You visited 1 branch You collected 100 gold pieces.

Inventory:

Hand Weapons
 a - a +0 falchion (weapon)
Missiles
 i - 3 poisoned darts (quivered)
Jewellery
 j - the amulet of invisibility (around neck) {+Inv}
   (You found it in the Dungeon)

   [amulet of nothing]

   +Inv:      It lets you turn invisible.
Scrolls
 g - a scroll of blinking
Potions
 b - a potion of curing
 c - a potion of heal wounds
 d - a potion of haste
 e - 2 potions of magic
 f - a potion of berserk rage
 h - a potion of resistance {unknown}


   Skills:
 + Level 8.7 Fighting
 + Level 9.4 Long Blades
 + Level 7.1 Dodging
 + Level 2.0 Stealth
 + Level 2.6 Evocations


You had 5 spell levels left.
You didn't know any spells.
Your spell library was empty.

Dungeon Overview and Level Annotations

Branches:
Dungeon (1/1)

Altars:
Cheibriados
Dithmenos
Elyvilon
Gozag
Hepliaklqana
Kikubaaqudgha
Makhleb
Nemelex Xobeh
Okawaru
Qazlal
Ru
Sif Muna
Trog
Uskayaw
Vehumet
Wu Jian
Xom
Yredelemnul
Zin
The Shining One
Beogh
Jiyva
Lugonu

Shops:
D ([


Innate Abilities, Weirdness & Mutations

Your plain brown scales are hard. (AC +6)
You cannot fit into any form of body armour.
You are cold-blooded and may be slowed by cold attacks.


Message History

The killer bee misses you.
You are too injured to fight recklessly!
You are too injured to fight recklessly!
You are too injured to fight recklessly!
You are too injured to fight recklessly!
You are too injured to fight recklessly!
You are too injured to fight recklessly!
You are too injured to fight recklessly!
You are too injured to fight recklessly!
You are too injured to fight recklessly!
You are too injured to fight recklessly!
You are too injured to fight recklessly!
You are too injured to fight recklessly!
You slash the queen bee! Your punch misses the queen bee.
The queen bee is almost dead.
You feel sick.
The queen bee calls on the killer bee to defend it!
The killer bee goes berserk!
Unknown command.
You closely miss the queen bee.
The queen bee is almost dead.
The killer bee stings you!
You are more poisoned.
The killer bee poisons you!
You closely miss the queen bee.
The queen bee is almost dead.
You flicker for a moment.
You feel sick. The killer bee stings you!
* * * LOW HITPOINT WARNING * * *
The killer bee rages.
The killer bee closely misses you. The queen bee barely misses you.
You feel sick. The killer bee stings you!
* * * LOW HITPOINT WARNING * * *
You are lethally poisoned!
The killer bee poisons you! The killer bee misses you.
Unknown command.
You feel a strong urge to attack something.
* * * LOW HITPOINT WARNING * * *
You feel sick. The killer bee stings you!
You die...

############################
#<..P#.....#.....#.⌠._._._._
#P..†'.....'.#.).'.._._._._.
#PPP.#.....#.#...#..._._._._
###############'##.._._._._.
♣...†.y@.'...#._._._._._
.....♣.y...#...###########
... ♣.y♣..###### + #+#####


You could see a queen bee (can't see you) and 2 killer bees.

Vanquished Creatures
  2 scorpions (D)
  2 killer bees (D)
  4 oklob saplings (D)
  2 spriggans (D)
  A river rat (D)
  A rat (D)
12 creatures vanquished.

Vanquished Creatures (others)
  2 fungi (D)
2 creatures vanquished.

Grand Total: 14 creatures vanquished

Notes
Turn   | Place    | Note
-------+----------+-------------------------------------------
     0 | D        | mhtbhm the Draconian Berserker began the quest for the Orb.
     0 | D        | Reached XP level 1. HP: 19/19 MP: 1/1
    15 | D        | Reached XP level 2. HP: 27/27 MP: 2/2
    63 | D        | Noticed an oklob sapling
    67 | D        | Killed an oklob sapling
    67 | D        | Reached ** piety under Trog
    68 | D        | Reached skill level 5 in Fighting
    68 | D        | Reached skill level 4 in Long Blades
    68 | D        | Reached XP level 3. HP: 36/36 MP: 3/3
   218 | D        | Noticed a scorpion
   218 | D        | Found the amulet of invisibility {+Inv}
   221 | D        | Killed a scorpion
   222 | D        | Reached skill level 6 in Long Blades
   222 | D        | Reached skill level 5 in Dodging
   222 | D        | Reached XP level 4. HP: 44/44 MP: 4/4
   261 | D        | Found an opulent altar of Gozag.
   261 | D        | Found a hazy altar of Hepliaklqana.
   261 | D        | Found a burning altar of Makhleb.
   261 | D        | Found a sparkling altar of Nemelex Xobeh.
   261 | D        | Found a snail-covered altar of Cheibriados.
   261 | D        | Found a sacrificial altar of Ru.
   261 | D        | Found a shimmering blue altar of Sif Muna.
   261 | D        | Found a shimmering altar of Xom.
   261 | D        | Found a basalt altar of Yredelemnul.
   262 | D        | Found a viscous altar of Jiyva.
   262 | D        | Found a bloodstained altar of Trog.
   262 | D        | Found an ornate altar of the Wu Jian Council.
   263 | D        | Found an iron altar of Okawaru.
   263 | D        | Found a shadowy altar of Dithmenos.
   263 | D        | Found a glowing silver altar of Zin.
   264 | D        | Found an ancient bone altar of Kikubaaqudgha.
   264 | D        | Found a hide-covered altar of Uskayaw.
   265 | D        | Found a stormy altar of Qazlal.
   265 | D        | Found a white marble altar of Elyvilon.
   265 | D        | Found a glowing golden altar of the Shining One.
   266 | D        | Found a corrupted altar of Lugonu.
   266 | D        | Found a radiant altar of Vehumet.
   275 | D        | Reached XP level 5. HP: 52/52 MP: 3/5
   374 | D        | Reached skill level 7 in Long Blades
   374 | D        | Reached skill level 1 in Evocations
   557 | D        | Reached skill level 8 in Long Blades
   557 | D        | Reached skill level 1 in Stealth
   562 | D        | Reached *** piety under Trog
   565 | D        | Reached XP level 6. HP: 40/61 MP: 6/6
   660 | D        | Found Goeply's Antique Armour Shop.
   660 | D        | Found Puune's Weapon Emporium.
   844 | D        | Noticed a queen bee
   854 | D        | Reached skill level 9 in Long Blades
   860 | D        | Reached **** piety under Trog
   870 | D        | Slain by a killer bee

Illustrated notes

Levels and vault maps discovered:
D:        dungeon_sprint_fedhas [sprint_temple]

Skill      XL: |  1  2  3  4  5  6 |
---------------+-------------------+-----
Fighting       | 4 5 6 7 8 |  8.7
Dodging        | 3 4 5 6 7 |  7.1
Long Blades    | 4 6 8 9 |  9.4
Evocations     | 1 2 |  2.6
Stealth        | 1 2 |  2.0

Action                   |  1- 3 |  4- 6 || total
-------------------------+-------+-------++-------
Melee: Falchion          |    12 |    46 ||    58
       Tailslap          |     3 |     8 ||    11
       Punch             |       |     1 ||     1
Invok: Berserk           |     3 |     4 ||     7
 Abil: Evoke Invisibilit |       |     3 ||     3
 Stab: Invisible         |       |     1 ||     1
Armor: Skin              |       |     1 ||     1
Dodge: Dodged            |     2 |    38 ||    40

Table legend: (Time is in decaauts)
 A = Elapsed time spent in this place.
 B = Non-inter-level travel time spent in this place.
 C = Inter-level travel time spent in this place.
 D = Time resting spent in this place.
 E = Time spent auto-exploring this place.
 F = Levels seen in this place.
 G = Mean time per level.
                   A        B        C        D        E       F      G
               +--------+--------+--------+--------+--------+-----+--------+
         Total |    917 |    917 |      0 |    711 |      3 |   1 |  917.0 |
       Dungeon |    917 |    917 |      0 |    711 |      3 |   1 |  917.0 |
               +--------+--------+--------+--------+--------+-----+--------+

Top non-repeatable levels by time:
       D: 917 daAuts
